 Dungeon Crawl Stone Soup version 0.16-a0-4099-g0be755f (webtiles) character file.

32 hhkb the Firebug (level 3, -1/21 HPs)
             Began as an Octopode Fire Elementalist on Feb 25, 2015.
             Killed from afar by Sigmund (7 damage)
             ... with a magic dart
             ... on level 2 of the Dungeon.
             The game lasted 00:05:23 (1896 turns).

hhkb the Firebug (Octopode Fire Elementalist)       Turns: 1896, Time: 00:05:23

Health: -1/21      AC:  1    Str:  7    XL:     3   Next: 25%
Magic:  3/6        EV: 12    Int: 21    God:
Gold:   42         SH:  0    Dex: 12    Spells: 3 memorised, 0 levels left

rFire  . . .     SeeInvis .     k - +2 whip (elec)
rCold  . . .     Clarity  .     (no shield)
rNeg   . . .     SustAb   .     (helmet restricted)
rPois  .         Gourm    .     (no amulet)
rElec  .         Spirit   .     (no ring)
rCorr  .         Warding  .     h - +3 ring of intelligence
rMut   .         Stasis   .     (no ring)
MR     .....                    (no ring)
Stlth  +++.......               (no ring)
                                (no ring)
                                (no ring)
                                (no ring)

@: not resistant to hostile enchantments, fairly stealthy
A: almost no armour, amphibious, 8 rings, constrict 8, camouflage 1, gelatinous
body 1
a: no special abilities


You were on level 2 of the Dungeon.
You were not hungry.

You visited 1 branch of the dungeon, and saw 2 of its levels.

You collected 42 gold pieces.

Inventory:

Hand weapons
 d - a +0 dagger
   (You took it off a goblin on level 1 of the Dungeon)
 j - a +0 club
   (You took it off a goblin on level 1 of the Dungeon)
 k - a +2 whip of electrocution (weapon)
   (You took it off a kobold on level 1 of the Dungeon)
 m - a +0 club
   (You took it off a hobgoblin on level 2 of the Dungeon)
Jewellery
 g - an uncursed ring of teleportation {+/*tele, !d}
   (You found it on level 1 of the Dungeon)
 h - a +3 ring of intelligence (right tentacle)
   (You found it on level 1 of the Dungeon)
Scrolls
 a - 2 scrolls of identify
Potions
 f - a potion of agility
 l - a potion of resistance
Books
 b - a book of Flames
Comestibles
 c - a bread ration {@e1}


   Skills:
 - Level 2.0 Dodging
 - Level 2.6 Stealth
 - Level 2.0 Spellcasting
 + Level 2.2 Conjurations
 + Level 3.6 Fire Magic


You couldn't memorise any spells.
You knew the following spells:

 Your Spells              Type           Power        Failure   Level  Hunger
a - Flame Tongue          Conj/Fire      ##...        6%          1    #......
c - Conjure Flame         Conj/Fire      ##......     17%         3    ###....
x - Throw Flame           Conj/Fire      ##....       10%         2    ##.....


Dungeon Overview and Level Annotations

Branches:
Dungeon (2/15)

Altars:

Annotations:
D:2 Jessica, Sigmund


Innate Abilities, Weirdness & Mutations

You cannot wear most types of armour.
You are amphibious.
You can wear up to eight rings at the same time.
You can use your tentacles to constrict many enemies at once.
Your skin changes colour to match your surroundings (Stealth).
Your rubbery body absorbs attacks (AC +1).


Message History

You barely miss the rat. You grab the rat. You constrict the rat.
You kill the rat!
There is a stone staircase leading up here.
m - a club You now have 27 gold pieces (gained 15).
There is a stone staircase leading up here.
You start resting.
A rat comes into view.
Wield which item (- for none, * to show all)? (? for menu, Esc to quit)
You hear the crackle of electricity.
k - a +2 whip of electrocution (weapon)
Health restored: 21 You hit the rat.
There is a sudden explosion of sparks!
You kill the rat!
No target in view!
No target in view!
You may need something to eat soon, looking for food.
Can't find anything matching that.
Sorry, you're not good enough to have a special ability.
A rat comes into view.
A rat is nearby!
A rat is nearby!
A rat is nearby!
Firing (i - inventory): No suitable missiles.
Okay, then.
MP restored: 6 The helpless rat fails to defend itself.
You hit the rat.
There is a sudden explosion of sparks!
You kill the rat!
a - 3 scrolls labeled IMPIT UCOMO (gained 1)
You see here a pair of embroidered gloves.
Found an escape hatch in the ceiling.
a - 4 scrolls labeled IMPIT UCOMO (gained 1) Read which item? (? for menu, Esc to quit)
As you read the scroll labeled IMPIT UCOMO, it crumbles to dust.
It is a scroll of identify.
Identify which item? (\ to view known items) (? for menu, Esc to quit)
f - a potion of agility Read which item? (? for menu, Esc to quit)
Identify which item? (\ to view known items) (? for menu, Esc to quit)
As you read the scroll of identify, it crumbles to dust.
l - a potion of resistance Put on which piece of jewellery? (? for menu, Esc to quit)
You feel slightly jumpy.
Oops, that ring feels deathly cold.
g - a cursed ring of teleportation (left tentacle) Put on which piece of jewellery? (? for menu, Esc to quit)
You feel clever.
h - a +3 ring of intelligence (right tentacle) Read which item? (? for menu, Esc to quit)
As you read the scroll labeled THEIRCH CHITOIS, it crumbles to dust.
You feel as if something is helping you.
It was a scroll of remove curse.
Put on which piece of jewellery? (? for menu, Esc to quit)
You remove your ring of teleportation {+/*tele, !d}.
You may need something to eat soon, looking for food.
Can't find anything matching that.
Sorry, you're not good enough to have a special ability.
You see here a pair of embroidered gloves.
Found a stone staircase leading down.
There is a stone staircase leading down here.
You are near starving!
Eat which item? (? for menu, Esc to quit)
That beef jerky was jerk-a-riffic!
You see here 13 arrows.
A rat comes into view.
A rat is nearby!
A rat is nearby!
A rat is nearby!
A rat is nearby!
Firing (i - inventory): No suitable missiles.
Okay, then.
The rat bites you but does no damage.
You completely miss the rat. You grab the rat. You constrict the rat.
The rat bites you.
You take 1 damage, and have 20/21 hp.
You hit the rat.
There is a sudden explosion of sparks!
You kill the rat!
No target in view!
No target in view!
Found a stone staircase leading down.
You now have 42 gold pieces (gained 15).
You found a teleport trap!
Health restored: 21 Sigmund the Dreaded comes into view.
He is wielding a scythe.
Sigmund shouts!
Okay, then.
The fire roars!
Sigmund points at you and mumbles some strange words.
The magic dart hits you!
You take 7 damage, and have 14/21 hp.
MASSIVE DAMAGE!!
You now have 3/6 mp.
Sigmund gestures at you while chanting. The puff of flame hits you!
* * * LOW HITPOINT WARNING * * *
You take 8 damage, and have 6/21 hp.
MASSIVE DAMAGE!!
Sigmund casts a spell at you. The magic dart hits you!
You die... #.# #.#.##.....##.#............. #.####.#.##.............#..##.... #...........##.............####.. #...##.#.##.............#..# >. #....###................#..# #. ##..## ####.#########.###..# .
PP♣P

#...................#
. ♣♣PP.♣
##.#......####.####.#
♣♣.♣♣
#....####@####.####.#
♣
#....§.........^....#
#...@####.####.######
#.... #.# #.# #....
#.# #.# #.... #.# #.#
#.... #.# #.# ##.##
#.# #.# #. ..# #.#


You could see Sigmund.

Vanquished Creatures
  2 giant geckos (D:1)
  A giant cockroach (D:1)
  5 hobgoblins
  8 jackals (D:1)
  A bat (D:1)
  3 goblins (D:1)
  2 kobolds (D:1)
  4 rats (D:2)
26 creatures vanquished.

Notes
Turn   | Place    | Note
--------------------------------------------------------------
     0 | D:1      | hhkb, the Octopode Fire Elementalist, began the quest for the Orb.
     0 | D:1      | Reached XP level 1. HP: 11/11 MP: 3/3
   355 | D:1      | Reached XP level 2. HP: 17/17 MP: 2/4
   384 | D:1      | HP: 4/17 [jackal (2)]
   610 | D:1      | Learned a level 2 spell: Throw Flame
   809 | D:1      | Reached skill level 2 in Conjurations
  1072 | D:1      | Reached XP level 3. HP: 21/21 MP: 0/6
  1136 | D:1      | Learned a level 3 spell: Conjure Flame
  1663 | D:2      | Noticed Jessica
  1891 | D:2      | Noticed Sigmund
  1896 | D:2      | Killed from afar by Sigmund

Action                   || total
-------------------------++-------
Melee: Unarmed           ||    27
       Whip              ||     4
 Cast: Flame Tongue      ||    11
       Throw Flame       ||    11
       Conjure Flame     ||     1
  Use: Scroll            ||     3
 Stab: Sleeping          ||     1
  Eat: Chunk             ||     2
       Beef jerky        ||     1

Vault maps used:
D:1:      dpeg_arrival_concentric_ovals, kennysheep_decorative_pillar
D:2:      first_bread, uniq_crazy_yiuf_cottage, uniq_jessica, uniq_sigmund

Table legend:
 A = Turns spent in this place as a percentage of turns spent in the entire game.
 B = Non-inter-level travel turns spent in this place as a percentage of non-inter-level travel turns spent in the entire game.
 C = Inter-level travel turns spent in this place as a percentage of turns spent in this place.
 D = Turns resting spent in this place as a percentage of non-inter-level travel turns spent in this place.
 E = Turns spent auto-exploring this place as a percentage of non-inter-level travel turns spent in this place.
 F = Non-inter-level travel turns spent in this place divided by the number of levels of this place that you've seen.
                   A       B       C       D       E      F
               +-------+-------+-------+-------+-------+----------------------
         Total | 100.0 | 100.0 |   1.6 |   4.2 |   9.2 | 216.5
       Dungeon | 100.0 | 100.0 |   1.6 |   4.2 |   9.2 | 216.5
               +-------+-------+-------+-------+-------+----------------------

Table legend:
 A = Kills in this place as a percentage of kills in entire the game.
 B = Kills by you in this place as a percentage of kills by you in the entire game.
 C = Kills by friends in this place as a percentage of kills by friends in the entire game.
 D = Other kills in this place as a percentage of other kills in the entire game.
 E = Experience gained in this place as a percentage of experience gained in the entire game.
 F = Experience gained in this place divided by the number of levels of this place that you have seen.
                   A       B       C       D       E      F
               +-------+-------+-------+-------+-------+----------------------
         Total | 100.0 | 100.0 |  -nan |  -nan | 100.0 |  23.0
       Dungeon | 100.0 | 100.0 |  -nan |  -nan | 100.0 |  23.0
               +-------+-------+-------+-------+-------+----------------------
